 Dungeon Crawl Stone Soup version 0.30.0-16-gbe6223bb7e (webtiles) character file.

Game seed: 8156325361616981042

6 monsoonserge the Grasshopper (level 2, -1/22 HPs)
             Began as a Human Warper on May 21, 2023.
             Slain by a goblin
             ... wielding a +0 club
              (4 damage)
             ... on level 1 of the Dungeon.
             The game lasted 00:00:33 (103 turns).

monsoonserge the Grasshopper (Human Warper)          Turns: 103, Time: 00:00:33

Health: -1/22      AC:  3    Str: 11    XL:     2   Next: 0%
Magic:  5/5        EV: 11    Int: 13    God:
Gold:   0          SH:  0    Dex: 12    Spells: 5/5 levels left

rFire   . . .        a - +0 falchion
rCold   . . .        (no shield)
rNeg    . . .        b - +0 leather armour
rPois   .            (no helmet)
rElec   .            (no cloak)
rCorr   .            (no gloves)
SInv    .            (no boots)
Will    .....        (no amulet)
Stlth   +            (no ring)
HPRegen 0.23/turn    (no ring)
MPRegen 0.09/turn

%: no passive effects
@: no status effects
A: no striking features
a: no special abilities


You were on level 1 of the Dungeon.
You visited 1 branch of the dungeon, and saw 1 of its levels.

Inventory:

Hand Weapons
 a - a +0 falchion (weapon)
Missiles
 d - 7 boomerangs of dispersal (quivered)
Armour
 b - a +0 leather armour (worn)
Scrolls
 c - a scroll of blinking
 e - a scroll of identify {unknown}


   Skills:
 + Level 2.0 Fighting
 + Level 2.1 Long Blades
 + Level 1.0 Throwing
 + Level 1.2 Armour
 + Level 2.1 Dodging
 + Level 2.1 Spellcasting
 + Level 3.0 Translocations


You had 5 spell levels left.
You didn't know any spells.
Your spell library contained the following spells:

 Spells                   Type           Power      Damage    Failure   Level
 Blink                    Tloc           18%        N/A       14%         2
 Lesser Beckoning         Tloc           18%        N/A       14%         2
 Teleport Other           Tloc           9%         N/A       28%         3
 Vhi's Electric Charge    Tloc/Air       10%        N/A       47%         3
 Manifold Assault         Tloc           9%         N/A       67%         4


Dungeon Overview and Level Annotations

Branches:
Dungeon (1/15)

Altars:


Message History

The hobgoblin is almost dead.
The goblin hits you with a +0 club. The hobgoblin closely misses you.
The frilled lizard closely misses you.
You closely miss the hobgoblin.
The hobgoblin is almost dead.
The goblin hits you with a +0 club. The hobgoblin barely misses you.
The frilled lizard barely misses you.
You barely miss the hobgoblin.
The hobgoblin is almost dead.
The goblin hits you with a +0 club.
* * * LOW HITPOINT WARNING * * *
The hobgoblin hits you but does no damage.
The frilled lizard barely misses you.
Unknown command.
You hit the hobgoblin.
You kill the hobgoblin!
The goblin barely misses you.
The frilled lizard bites you but does no damage.
You have reached level 2!
Press: ? - help, v - describe, . - travel
Here: a goblin, wielding a +0 club The floor.
Press: ? - help, v - describe, . - travel
Here: a frilled lizard The floor.
You miss the frilled lizard. The frilled lizard closely misses you.
The goblin misses you. The goblin hits you with a +0 club.
* * * LOW HITPOINT WARNING * * *
The frilled lizard bites you but does no damage.
You hit the goblin.
The goblin is heavily wounded.
The frilled lizard bites you but does no damage.
The goblin hits you with a +0 club.
* * * LOW HITPOINT WARNING * * *
Unknown command.
You miss the goblin.
The goblin is heavily wounded.
The frilled lizard bites you but does no damage.
The goblin hits you with a +0 club.
You die...

....##.
...##......#####
...........++......#
...........##......#
.......#......##+#.#
........$#....##.#.####
.........#....##.#.##..
.........#.......#.##.#
....###)l..# #.....##.#
. #@...# ###.#.##.##
#g...+ ###.#.##...
...#....+##...#.##.##
.....................
............>.)#).....
..#...................
. #...................
#...................
#?..................


You could see a goblin and a frilled lizard.

Vanquished Creatures
  3 goblins (D:1)
  A hobgoblin (D:1)
  A frilled lizard (D:1)
5 creatures vanquished.

Notes
Turn   | Place    | Note
-------+----------+-------------------------------------------
     0 | D:1      | monsoonserge the Human Warper began the quest for the Orb.
     0 | D:1      | Reached XP level 1. HP: 16/16 MP: 3/3
   101 | D:1      | Reached XP level 2. HP: 6/22 MP: 5/5
   103 | D:1      | Slain by a goblin

Illustrated notes

Levels and vault maps discovered:
D:1:      minmay_arrival_hallway, layout_basic

Action                     || total
---------------------------++-------
  Melee: Falchion          ||    17
 Armour: Leather armour    ||    11
  Dodge: Dodged            ||    20
